 Dungeon Sprint DCSS version 0.17-a0-1691-g18a3847 (webtiles) character file.

11657 Kidiri the Unseen (level 11, 0/47 HPs)
             Began as a Spriggan Enchanter on Aug 20, 2015.
             Was the Champion of Dithmenos.
             Killed from afar by a fire dragon (47 damage)
             ... with a blast of flame
             ... in the Dungeon (Sprint III: "The Ten Rune Challenge").
             The game lasted 00:11:09 (2004 turns).

Kidiri the Unseen (Spriggan Enchanter)              Turns: 2004, Time: 00:11:11

Health: 0/47       AC:  4    Str:  4    XL:     11   Next: 52%
Magic:  33/36      EV: 33    Int: 20    God:    Dithmenos [******]
Gold:   30         SH:  0    Dex: 19    Spells: 9 memorised, 12 levels left

rFire  . . .     SeeInvis +     n - +0 dagger (venom)
rCold  + . .     Clarity  .     a - +2 robe {rC+}
rNeg   . . .     SustAt   .     (shield restricted)
rPois  .         Gourm    .     (helmet restricted)
rElec  .         Spirit   .     (no cloak)
rCorr  .         Warding  .     (gloves unavailable)
rMut   .         NoTele   +     (boots unavailable)
MR     +....                    (no amulet)
Stlth  ++++++++++               (no ring)
                                (no ring)

@: wreathed by umbra, very quick, somewhat resistant to hostile enchantments,
uncannily stealthy
A: unfitting armour, antennae 1, see invisible, clever 1, herbivore 3, speed 3,
high mp 2, slow metabolism 2, subdued magic 1
a: Shadow Step, Shadow Form, Renounce Religion


You were in the Dungeon.
You worshipped Dithmenos.
Dithmenos was exalted by your worship.
You were not hungry.

You visited 1 branch You collected 30 gold pieces.

Inventory:

Hand weapons
 n - a +0 dagger of venom (weapon)
Missiles
 b - 10 throwing nets (quivered)
Armour
 a - a +2 robe of cold resistance (worn)
Scrolls
 j - a scroll of blinking
 k - 2 scrolls of holy word
Potions
 f - 2 potions of heal wounds
 g - a potion of haste
 h - 2 potions of magic
 i - 2 potions of berserk rage
 m - a potion of might
 o - a potion of flight
 q - a potion of cure mutation
Comestibles
 c - 25 royal jellies
 d - 2 bread rations
 l - 6 fruits


   Skills:
 + Level 9.6 Short Blades
 * Level 16.8 Dodging
 * Level 18.0 Stealth
 * Level 14.4 Spellcasting
 + Level 6.4 Conjurations
 + Level 10.9 Hexes
 + Level 7.1 Ice Magic
 + Level 6.7 Air Magic
 + Level 7.4 Poison Magic
 - Level 2.4 Invocations


You had 12 spell levels left.
You knew the following spells:

 Your Spells              Type           Power        Failure   Level  Hunger
a - Corona                Hex            #####..      0%          1    None
b - Ensorcelled Hibernat  Hex/Ice        ####..       1%          2    None
c - Confuse               Hex            #####...     1%          3    None
d - Tukima's Dance        Hex            #####...     1%          3    None
e - Dazzling Spray        Conj/Hex       ####....     1%          3    None
f - Cure Poison           Pois           ####......   1%          2    None
g - Mephitic Cloud        Conj/Pois/Air  ####....     1%          3    None
h - Olgreb's Toxic Radia  Pois           ####....     1%          4    None
i - Venom Bolt            Conj/Pois      ####......   4%          5    ###....


Dungeon Overview and Level Annotations

Branches:
Dungeon (1/1)

Altars:
Cheibriados
Dithmenos
Elyvilon
Fedhas
Gozag
Kikubaaqudgha
Makhleb
Nemelex Xobeh
Okawaru
Qazlal
Ru
Sif Muna
Trog
Vehumet
Xom
Yredelemnul
Zin
The Shining One
Jiyva
Lugonu


Innate Abilities, Weirdness & Mutations

You are tiny and cannot use many weapons and most armour.
You have supernaturally acute eyesight.
You are a herbivore.
You cover ground extremely quickly.
You need consume almost no food.
You have a pair of small antennae on your head.
Your mind is acute. (Int +2)
You have a considerably increased reservoir of magic (+20% MP).
Your spells are a little easier to cast, but a little less powerful.


Message History

You kill the fire dragon!
Dithmenos accepts your kill.
Dithmenos appreciates your extinguishing a source of fire.
Your Stealth skill increases to level 18!
Unknown command.
You see here a fire drake corpse.
You butcher the fire drake corpse.
You see here 6 chunks of flesh.
Casting: Dazzling Spray
Confirm with . or Enter, or press ? or * to list all spells.
Aiming: Dazzling Spray
Press: ? - help, Shift-Dir - straight line, f - fire dragon
Aim: a fire dragon (steam, lightly wounded, hasn't noticed you, umbra)
The spray of energy misses the fire dragon.
Your shadow mimicks your spell!
The shadow shard hits the fire dragon.
The fire dragon breathes flames at you. The blast of flame hits you!
Ouch! That really hurt!
You die...

{{ #.♣♣
#♣.♣
♣.♣♣
♣♣.♣
♣.♣♣
♣.♣♣
♣≈%♣
♣♣.♣♣
♣♣@♣
♣..♣
♣.≈≈§
♣...≈.
♣.♣..≈D
♣♣♣♣♣♣♣♣


You could see a fire dragon.

Vanquished Creatures
  Maud (D)
  A fire dragon (D)
  2 hydras (D)
  Erolcha (D)
  A death drake (D)
  A spriggan druid (D)
  A lindwurm (D)
  2 spiny frogs (D)
  A komodo dragon (D)
  A fire drake (D)
  3 wandering mushrooms (D)
  A queen bee (D)
  A deep elf priest (D)
  A shadow (D)
  2 trapdoor spiders (D)
  4 redbacks (D)
  2 spriggans (D)
  2 hill giants (D)
  A spatial vortex (D)
  A necrophage (D)
  3 two-headed ogres (D)
  2 brain worms (D)
  A water elemental (D)
  32 killer bees (D)
  A scorpion (D)
  An electric eel (D)
  A jelly (D)
  Jessica (D)
  A necromancer (D)
  A wizard (D)
  A kobold demonologist (D)
  3 humans (D)
  3 rats (D)
81 creatures vanquished.

Vanquished Creatures (others)
  2 draconian scorchers (D)
  A fire drake (D)
  3 yaktaurs (D)
  4 plants (D)
10 creatures vanquished.

Grand Total: 91 creatures vanquished

Notes
Turn   | Place    | Note
--------------------------------------------------------------
     0 | D        | Kidiri the Spriggan Enchanter began the quest for the Orb.
     0 | D        | Reached XP level 1. HP: 9/9 MP: 5/5
    26 | D        | Noticed Jessica
    38 | D        | Killed Jessica
    38 | D        | Reached skill level 5 in Dodging
    38 | D        | Reached skill level 6 in Stealth
    38 | D        | Reached XP level 2. HP: 10/13 MP: 5/8
    44 | D        | Learned a level 2 spell: Ensorcelled Hibernation
   163 | D        | Noticed a scorpion
   166 | D        | Killed a scorpion
   166 | D        | Reached skill level 7 in Stealth
   166 | D        | Reached skill level 5 in Spellcasting
   166 | D        | Reached skill level 1 in Ice Magic
   166 | D        | Reached XP level 3. HP: 16/16 MP: 8/10
   166 | D        | Reached XP level 4. HP: 21/21 MP: 9/12
   169 | D        | Killed a white draconian scorcher
   178 | D        | Learned a level 3 spell: Confuse
   188 | D        | Learned a level 3 spell: Tukima's Dance
   192 | D        | Learned a level 3 spell: Dazzling Spray
   248 | D        | Killed a yaktaur
   255 | D        | Killed a fire drake
   266 | D        | Killed a white draconian scorcher
   328 | D        | Reached skill level 5 in Hexes
   350 | D        | Gained mutation: Your spells are a little easier to cast, but a little less powerful. [potion of mutation]
   350 | D        | Gained mutation: You have an increased reservoir of magic (+10% MP). [potion of mutation]
   350 | D        | Gained mutation: Your mind is acute. (Int +2) [potion of mutation]
   351 | D        | Gained mutation: You have a considerably increased reservoir of magic (+20% MP). [potion of mutation]
   351 | D        | Gained mutation: You have a pair of small antennae on your head. [potion of mutation]
   373 | D        | Noticed a water elemental
   375 | D        | Killed a water elemental
   375 | D        | Reached skill level 8 in Stealth
   375 | D        | Reached skill level 1 in Conjurations
   375 | D        | Reached XP level 5. HP: 24/24 MP: 15/17
   385 | D        | Noticed a jelly
   386 | D        | Noticed a shadow
   388 | D        | Killed a shadow
   388 | D        | Reached skill level 9 in Dodging
   388 | D        | Reached skill level 10 in Stealth
   388 | D        | Reached XP level 6. HP: 28/28 MP: 16/20
   394 | D        | Killed a jelly
   455 | D        | Found a stormy altar of Qazlal.
   455 | D        | Noticed a spatial vortex
   457 | D        | Killed a spatial vortex
   457 | D        | Reached skill level 5 in Short Blades
   457 | D        | Reached skill level 10 in Dodging
   457 | D        | Reached skill level 11 in Stealth
   458 | D        | Found a sacrificial altar of Ru.
   458 | D        | Found a burning altar of Makhleb.
   458 | D        | Found a viscous altar of Jiyva.
   458 | D        | Found a shimmering altar of Xom.
   458 | D        | Found a shadowy altar of Dithmenos.
   458 | D        | Found a sparkling altar of Nemelex Xobeh.
   458 | D        | Found a corrupted altar of Lugonu.
   458 | D        | Found an opulent altar of Gozag.
   462 | D        | Became a worshipper of Dithmenos the Shadowed
   485 | D        | Found a radiant altar of Vehumet.
   486 | D        | Found a deep blue altar of Sif Muna.
   486 | D        | Found an ancient bone altar of Kikubaaqudgha.
   486 | D        | Noticed a wizard
   487 | D        | Killed a wizard
   504 | D        | Learned a level 2 spell: Cure Poison
   508 | D        | Learned a level 3 spell: Mephitic Cloud
   513 | D        | Learned a level 4 spell: Olgreb's Toxic Radiance
   543 | D        | Found a glowing silver altar of Zin.
   544 | D        | Found a glowing golden altar of the Shining One.
   544 | D        | Found a white marble altar of Elyvilon.
   544 | D        | Noticed a deep elf priest
   546 | D        | Killed a deep elf priest
   546 | D        | Reached skill level 1 in Air Magic
   546 | D        | Reached skill level 1 in Poison Magic
   546 | D        | Reached skill level 1 in Invocations
   546 | D        | Reached XP level 7. HP: 32/32 MP: 24/24
   560 | D        | Found an iron altar of Okawaru.
   561 | D        | Found a bloodstained altar of Trog.
   561 | D        | Noticed a human
   561 | D        | Noticed a human
   563 | D        | Killed a human
   563 | D        | Reached skill level 12 in Stealth
   564 | D        | Killed a human
   578 | D        | Found a basalt altar of Yredelemnul.
   578 | D        | Found a snail-covered altar of Cheibriados.
   578 | D        | Found a blossoming altar of Fedhas.
   578 | D        | Noticed a necrophage
   578 | D        | Noticed a necromancer
   580 | D        | Killed a necrophage
   580 | D        | Acquired Dithmenos's first power
   580 | D        | Reached XP level 8. HP: 36/36 MP: 27/27
   581 | D        | Killed a necromancer
   601 | D        | Learned a level 5 spell: Venom Bolt
   646 | D        | Noticed a two-headed ogre
   646 | D        | Noticed a two-headed ogre
   649 | D        | Noticed a two-headed ogre
   655 | D        | Killed a two-headed ogre
   663 | D        | Killed a two-headed ogre
   663 | D        | Reached skill level 10 in Spellcasting
   666 | D        | Killed a two-headed ogre
   666 | D        | Acquired Dithmenos's second power
   820 | D        | Noticed a hill giant
   823 | D        | Killed a hill giant
   823 | D        | Reached skill level 13 in Stealth
   829 | D        | Noticed a hill giant
   829 | D        | Noticed Erolcha
   831 | D        | Killed Erolcha
   831 | D        | Reached XP level 9. HP: 39/39 MP: 27/29
   832 | D        | Killed a hill giant
   832 | D        | Acquired Dithmenos's third power
   832 | D        | Reached skill level 14 in Stealth
   848 | D        | Noticed a redback
   853 | D        | Killed a redback
   864 | D        | Noticed a trapdoor spider
   866 | D        | Killed a trapdoor spider
   866 | D        | Reached skill level 5 in Ice Magic
   890 | D        | Noticed a trapdoor spider
   912 | D        | Killed a trapdoor spider
   966 | D        | Noticed a killer bee
   966 | D        | Noticed a queen bee
   966 | D        | Noticed a killer bee
   966 | D        | Noticed a killer bee
   966 | D        | Noticed a killer bee
   966 | D        | Noticed a killer bee
   966 | D        | Noticed a killer bee
   966 | D        | Noticed a killer bee
   966 | D        | Noticed a killer bee
   966 | D        | Noticed a killer bee
   966 | D        | Noticed a killer bee
   966 | D        | Noticed a killer bee
   966 | D        | Noticed a killer bee
   966 | D        | Noticed a killer bee
   966 | D        | Noticed a killer bee
   967 | D        | Noticed a killer bee
   968 | D        | Noticed a killer bee
   968 | D        | Noticed a killer bee
   968 | D        | Noticed a killer bee
   968 | D        | Noticed a killer bee
   968 | D        | Noticed a killer bee
   969 | D        | Noticed a killer bee
   971 | D        | Noticed a killer bee
   971 | D        | Killed a killer bee
   973 | D        | Noticed a killer bee
   973 | D        | Noticed a killer bee
   973 | D        | Killed a killer bee
   976 | D        | Noticed a killer bee
   977 | D        | Killed a killer bee
   977 | D        | Acquired Dithmenos's fourth power
   978 | D        | Noticed a killer bee
   979 | D        | Noticed a killer bee
   979 | D        | Killed a killer bee
   980 | D        | Noticed a killer bee
   981 | D        | Noticed a killer bee
   981 | D        | Noticed a killer bee
   981 | D        | Killed a killer bee
   982 | D        | Noticed a killer bee
   986 | D        | Killed a killer bee
   988 | D        | Killed a killer bee
   988 | D        | Killed a yaktaur
   990 | D        | Noticed a killer bee
   990 | D        | Killed a killer bee
   992 | D        | Killed a killer bee
   996 | D        | Killed a killer bee
  1135 | D        | Killed a killer bee
  1137 | D        | Killed a killer bee
  1141 | D        | Killed a killer bee
  1143 | D        | Killed a killer bee
  1145 | D        | Killed a killer bee
  1147 | D        | Killed a killer bee
  1147 | D        | Reached skill level 5 in Poison Magic
  1153 | D        | Killed a killer bee
  1155 | D        | Killed a killer bee
  1157 | D        | Killed a killer bee
  1159 | D        | Killed a killer bee
  1168 | D        | Killed a killer bee
  1168 | D        | Reached skill level 15 in Stealth
  1173 | D        | Killed a killer bee
  1325 | D        | Killed a killer bee
  1328 | D        | Killed a killer bee
  1332 | D        | Killed a killer bee
  1334 | D        | Killed a killer bee
  1336 | D        | Killed a killer bee
  1339 | D        | Killed a killer bee
  1339 | D        | Reached XP level 10. HP: 36/44 MP: 11/32
  1342 | D        | Killed a killer bee
  1342 | D        | Reached skill level 5 in Conjurations
  1344 | D        | Killed a killer bee
  1346 | D        | Killed a killer bee
  1348 | D        | Killed a queen bee
  1350 | D        | Killed a killer bee
  1372 | D        | Killed a yaktaur
  1538 | D        | Noticed a wandering mushroom
  1539 | D        | Noticed a wandering mushroom
  1539 | D        | Noticed a wandering mushroom
  1540 | D        | Killed a wandering mushroom
  1540 | D        | Reached skill level 5 in Air Magic
  1570 | D        | Killed a wandering mushroom
  1574 | D        | Killed a wandering mushroom
  1739 | D        | Noticed a spiny frog
  1739 | D        | Noticed a komodo dragon
  1739 | D        | Noticed a spiny frog
  1742 | D        | Killed a spiny frog
  1748 | D        | Killed a spiny frog
  1748 | D        | Reached skill level 15 in Dodging
  1751 | D        | Killed a komodo dragon
  1751 | D        | Reached skill level 16 in Stealth
  1817 | D        | Noticed a redback
  1819 | D        | Killed a redback
  1820 | D        | Noticed a brain worm
  1824 | D        | Killed a brain worm
  1829 | D        | Noticed a brain worm
  1835 | D        | Killed a brain worm
  1852 | D        | Noticed a lindwurm
  1854 | D        | Noticed a redback
  1855 | D        | Killed a lindwurm
  1857 | D        | Killed a redback
  1862 | D        | Noticed a redback
  1863 | D        | Killed a redback
  1863 | D        | Reached skill level 10 in Hexes
  1864 | D        | Noticed Maud
  1866 | D        | Killed Maud
  1866 | D        | Reached XP level 11. HP: 47/47 MP: 33/35
  1876 | D        | Noticed an electric eel
  1877 | D        | Noticed a five-headed hydra
  1877 | D        | Noticed an eight-headed hydra
  1878 | D        | Killed an electric eel
  1878 | D        | Reached skill level 17 in Stealth
  1880 | D        | Killed a five-headed hydra
  1881 | D        | Killed an eight-headed hydra
  1894 | D        | Noticed a death drake
  1897 | D        | Killed a death drake
  1921 | D        | Found a blossoming altar of Fedhas.
  1921 | D        | Noticed a spriggan
  1921 | D        | Noticed a spriggan druid
  1921 | D        | Noticed a spriggan
  1923 | D        | Killed a spriggan druid
  1927 | D        | Killed a spriggan
  1927 | D        | Killed a spriggan
  1995 | D        | Noticed a fire drake
  1995 | D        | Noticed a fire dragon
  1997 | D        | Killed a fire drake
  1998 | D        | Noticed a fire dragon
  1999 | D        | Killed a fire dragon
  1999 | D        | Reached skill level 18 in Stealth
  2004 | D        | Killed from afar by a fire dragon

Vault maps used:
D:        dungeon_sprint_mu

Action                   |  1- 3 |  4- 6 |  7- 9 | 10-12 || total
-------------------------+-------+-------+-------+-------++-------
Melee: Dagger            |     8 |     9 |    73 |    33 ||   123
 Cast: Corona            |     1 |       |       |       ||     1
       Ensorcelled Hiber |       |     4 |    56 |    16 ||    76
       Confuse           |       |       |     1 |     6 ||     7
       Dazzling Spray    |       |       |     1 |     8 ||     9
Invok: Shadow Step       |       |       |     2 |     5 ||     7
  Use: Potion            |     1 |     2 |       |     1 ||     4
       Scroll            |       |     6 |       |       ||     6
 Stab: Sleeping          |     3 |     8 |    38 |    23 ||    72
       Confused          |       |       |       |     1 ||     1
